| TOP OF THE 1ST |
|
Lowell Spinners batting - Pitching for Tri-City ValleyCats : RHP Tony Barrios
|
|
Pitching: RHP Tony Barrios
|
|
|
Batting: LHB Eric Gaugler
|
0-0: Ball 1-0: Called Strike 1-1: Ball 2-1: Ball 3-1: Called Strike 3-2: Base on Balls
|
|
Batting: LHB Kien-lung Zou
|
0-0: Called Strike Eric Gaugler is caught stealing 2nd base 2-6 0-1: Foul Ball, location: 2F 0-2: Ball 1-2: Foul Ball, location: 2F 1-2: Ball 2-2: Foul Ball, location: 2F 2-2: Fly out, F7 (Flyball, 7D, EV 87.5 MPH)
|
|
Batting: SHB Matsudaira Ikeda
|
0-0: Ball 1-0: Swinging Strike 1-1: Ball 2-1: Foul Ball, location: 2F 2-2: Foul Ball, location: 2F 2-2: Strikes out swinging
|
| Top of the 1st over - 0 runs, 0 hits, 0 errors, 0 left on base; Lowell 0 - Tri-City 0 |
| BOTTOM OF THE 1ST |
|
Tri-City ValleyCats batting - Pitching for Lowell Spinners : RHP Alan Phillips
|
|
Pitching: RHP Alan Phillips
|
|
|
Batting: RHB Omar Amaya
|
0-0: Called Strike 0-1: Ground out 4-3 (Groundball, 34, EV 108.1 MPH)
|
|
Batting: RHB Hugo Priego
|
0-0: Called Strike 0-1: Hit by Pitch
|
|
Batting: LHB Wade Girard
|
0-0: Ball Wild Pitch! Hugo Priego to second 1-0: Ball 2-0: Called Strike 2-1: Foul Ball, location: 2F 2-2: Ground out 5-3 (Groundball, 6, EV 107.5 MPH)
|
|
Batting: RHB Roger Pelley
|
0-0: Swinging Strike 0-1: Ball 1-1: Called Strike 1-2: Strikes out swinging
|
| Bottom of the 1st over - 0 runs, 0 hits, 0 errors, 1 left on base; Lowell 0 - Tri-City 0 |
| TOP OF THE 2ND |
|
Lowell Spinners batting - Pitching for Tri-City ValleyCats : RHP Tony Barrios
|
|
Batting: LHB Javier Cajina
|
0-0: DOUBLE (Groundball, 3L, EV 97.5 MPH)
|
|
Batting: RHB Willie Camacho
|
0-0: Ball 1-0: Foul Ball, location: 2F 1-1: Ball 2-1: Ball 3-1: Fly out, F7 (Flyball, 7LM, EV 91.9 MPH) Runner from 2nd tags up, SAFE at 3rd with throw by LF
|
|
Batting: LHB Kevin Rolison
|
0-0: SINGLE (Flyball, 34D, EV 96.2 MPH) Javier Cajina scores
|
|
Batting: RHB Bakhtiar Asadov
|
0-0: Called Strike 0-1: Swinging Strike 0-2: Foul Ball, location: 2F 0-2: Foul Ball, location: 2F 0-2: Grounds into double play, 6-4-3 (Groundball, 6, EV 87.5 MPH)
|
| Top of the 2nd over - 1 run, 2 hits, 0 errors, 0 left on base; Lowell 1 - Tri-City 0 |
| BOTTOM OF THE 2ND |
|
Tri-City ValleyCats batting - Pitching for Lowell Spinners : RHP Alan Phillips
|
|
Batting: RHB Patrick Pinault
|
0-0: Called Strike 0-1: Ball 1-1: Ground out 5-3 (Groundball, 5S, EV 72.5 MPH)
|
|
Batting: RHB Keith Goodwin
|
0-0: Ball 1-0: Foul Ball, location: 2F 1-1: Ball 2-1: Ground out 6-3 (Groundball, 6, EV 95.6 MPH)
|
|
Batting: LHB Lu-po-teh Zhou
|
0-0: Ball 1-0: Ball 2-0: Ball 3-0: Called Strike 3-1: Base on Balls
|
|
Batting: LHB Ryan Fridley
|
0-0: Ball 1-0: Called Strike 1-1: Ball Passed Ball! Lu-po-teh Zhou to second 2-1: Ground out 6-3 (Groundball, 6MS, EV 68.1 MPH)
|
| Bottom of the 2nd over - 0 runs, 0 hits, 0 errors, 1 left on base; Lowell 1 - Tri-City 0 |
| TOP OF THE 3RD |
|
Lowell Spinners batting - Pitching for Tri-City ValleyCats : RHP Tony Barrios
|
|
Batting: LHB Mike Hutcheson
|
0-0: Called Strike 0-1: Ball 1-1: Foul Ball, location: 2F 1-2: Foul Ball, location: 2F 1-2: Fly out, F9 (Flyball, 9, EV 88.1 MPH)
|
|
Batting: RHB Roger Mitchell
|
0-0: Called Strike 0-1: Ground out 6-3 (Groundball, 6S, EV 81.2 MPH)
|
|
Batting: LHB Eric Gaugler
|
0-0: Ball 1-0: Called Strike 1-1: Swinging Strike 1-2: Ground out U3 (Groundball, 3, EV 105.0 MPH)
|
| Top of the 3rd over - 0 runs, 0 hits, 0 errors, 0 left on base; Lowell 1 - Tri-City 0 |
| BOTTOM OF THE 3RD |
|
Tri-City ValleyCats batting - Pitching for Lowell Spinners : RHP Alan Phillips
|
|
Batting: RHB Mike Brisbin
|
0-0: Ball 1-0: Swinging Strike 1-1: Ball 2-1: Swinging Strike 2-2: Strikes out looking
|
|
Batting: RHB Omar Amaya
|
0-0: Ball 1-0: Foul Ball, location: 2F 1-1: Called Strike 1-2: Fly out, F3 (Popup, 3L, EV 62.5 MPH)
|
|
Batting: RHB Hugo Priego
|
0-0: Ball 1-0: Foul Ball, location: 2F 1-1: Ball 2-1: Ball 3-1: TRIPLE (Line Drive, 9LD, EV 101.2 MPH)
|
|
Batting: LHB Wade Girard
|
0-0: Ball 1-0: Ball 2-0: Foul Ball, location: 2F 2-1: Ball 3-1: Base on Balls
|
|
Batting: RHB Roger Pelley
|
0-0: Called Strike 0-1: Fielders Choice at 2nd, 6-4 (Groundball, 6, EV 88.8 MPH)
|
| Bottom of the 3rd over - 0 runs, 1 hit, 0 errors, 2 left on base; Lowell 1 - Tri-City 0 |
| TOP OF THE 4TH |
|
Lowell Spinners batting - Pitching for Tri-City ValleyCats : RHP Tony Barrios
|
|
Batting: LHB Kien-lung Zou
|
0-0: Called Strike 0-1: Ball 1-1: Reached on error, E4 (Groundball, 34D, EV 96.9 MPH)
|
|
Batting: SHB Matsudaira Ikeda
|
0-0: Called Strike 0-1: Foul Ball, location: 2F 0-2: Foul Ball, location: 2F 0-2: Ball 1-2: Ball 2-2: Strikes out looking
|
|
Batting: LHB Javier Cajina
|
0-0: Ball 1-0: Ball 2-0: Called Strike 2-1: Foul Ball, location: 2F 2-2: Ball 3-2: Foul Ball, location: 2F 3-2: Foul Ball, location: 2F 3-2: DOUBLE (Line Drive, 7LS, EV 111.9 MPH) Kien-lung Zou to third
|
|
Batting: RHB Willie Camacho
|
0-0: Fly out, F9 (Line Drive, 9, EV 91.9 MPH)
|
|
Batting: LHB Kevin Rolison
|
0-0: Ball 1-0: Called Strike 1-1: Swinging Strike 1-2: Strikes out swinging
|
| Top of the 4th over - 0 runs, 1 hit, 1 error, 2 left on base; Lowell 1 - Tri-City 0 |
| BOTTOM OF THE 4TH |
|
Tri-City ValleyCats batting - Pitching for Lowell Spinners : RHP Alan Phillips
|
|
Batting: RHB Patrick Pinault
|
0-0: Called Strike 0-1: Swinging Strike 0-2: Ball 1-2: Strikes out looking
|
|
Batting: RHB Keith Goodwin
|
0-0: Foul Ball, location: 2F 0-1: Called Strike 0-2: Ball 1-2: Foul Ball, location: 2F 1-2: Ball 2-2: Fly out, F8 (Flyball, 8RXD, EV 98.1 MPH)
|
|
Batting: LHB Lu-po-teh Zhou
|
0-0: Called Strike 0-1: Ground out 6-3 (Groundball, 56, EV 77.5 MPH)
|
| Bottom of the 4th over - 0 runs, 0 hits, 0 errors, 0 left on base; Lowell 1 - Tri-City 0 |
| TOP OF THE 5TH |
|
Lowell Spinners batting - Pitching for Tri-City ValleyCats : RHP Tony Barrios
|
|
Batting: RHB Bakhtiar Asadov
|
0-0: Foul Ball, location: 2F 0-1: Ground out 6-3 (Groundball, 6MD, EV 101.2 MPH)
|
|
Batting: LHB Mike Hutcheson
|
0-0: Swinging Strike 0-1: Ball 1-1: Foul Ball, location: 2F 1-2: Ball 2-2: Foul Ball, location: 2F 2-2: Ball 3-2: SINGLE (Line Drive, 78S, EV 86.2 MPH)
|
|
Batting: RHB Roger Mitchell
|
0-0: Ball 1-0: Called Strike 1-1: Ball 2-1: Ball 3-1: Fly out, F7 (Flyball, 78M, EV 93.8 MPH)
|
|
Pitching: RHP Vinny Salazar
|
|
|
Batting: LHB Eric Gaugler
|
0-0: Called Strike Mike Hutcheson steals 2nd base 0-1: Foul Ball, location: 2F 0-2: SINGLE (Groundball, 4MD, EV 94.4 MPH) Mike Hutcheson to third Runner from 3rd tries for Home, SAFE, throw by CF to home
|
|
Batting: LHB Kien-lung Zou
|
0-0: Called Strike Eric Gaugler steals 2nd base (no throw) 0-1: Ball 1-1: Ball 2-1: Called Strike 2-2: Fly out, F9 (Line Drive, 9, EV 88.1 MPH)
|
| Top of the 5th over - 1 run, 2 hits, 0 errors, 1 left on base; Lowell 2 - Tri-City 0 |
| BOTTOM OF THE 5TH |
|
Tri-City ValleyCats batting - Pitching for Lowell Spinners : RHP Alan Phillips
|
|
Batting: LHB Ryan Fridley
|
0-0: Fly out, F7 (Flyball, 7, EV 82.5 MPH)
|
|
Batting: RHB Mike Brisbin
|
0-0: Foul Ball, location: 2F 0-1: Ball 1-1: Foul Ball, location: 2F 1-2: Strikes out looking
|
|
Batting: RHB Omar Amaya
|
0-0: Swinging Strike 0-1: Ball 1-1: Ball 2-1: Ball 3-1: Base on Balls
|
|
Batting: RHB Hugo Priego
|
0-0: Called Strike 0-1: Ball 1-1: Called Strike Omar Amaya steals 2nd base 1-2: Fly out, F8 (Flyball, 8RXD, EV 106.9 MPH)
|
| Bottom of the 5th over - 0 runs, 0 hits, 0 errors, 1 left on base; Lowell 2 - Tri-City 0 |
| TOP OF THE 6TH |
|
Lowell Spinners batting - Pitching for Tri-City ValleyCats : RHP Vinny Salazar
|
|
Batting: SHB Matsudaira Ikeda
|
0-0: Fly out, F8 (Line Drive, 78M, EV 95.0 MPH)
|
|
Batting: LHB Javier Cajina
|
0-0: Reached on error, E8 (Flyball, 8RXD, EV 105.0 MPH)
|
|
Batting: RHB Willie Camacho
|
0-0: Ball 1-0: Swinging Strike 1-1: SINGLE (Groundball, 5D, EV 106.9 MPH) Javier Cajina to third Runner from 3rd tries for Home, throw by LF and OUT! 7-2 Willie Camacho to second
|
|
Batting: LHB Kevin Rolison
|
0-0: Called Strike 0-1: Foul Ball, location: 2F 0-2: 2-RUN HOME RUN (Flyball, 8LXD, EV 107.5 MPH), Distance : 441 ft
|
|
Batting: RHB Bakhtiar Asadov
|
0-0: Called Strike 0-1: Fly out, F6 (Line Drive, 6, EV 70.0 MPH)
|
| Top of the 6th over - 2 runs, 2 hits, 1 error, 0 left on base; Lowell 4 - Tri-City 0 |
| BOTTOM OF THE 6TH |
|
Tri-City ValleyCats batting - Pitching for Lowell Spinners : RHP Alan Phillips
|
|
Batting: LHB Wade Girard
|
0-0: Called Strike 0-1: Ball 1-1: Ball 2-1: Ground out 6-3 (Groundball, 6MD, EV 81.9 MPH)
|
|
Batting: RHB Roger Pelley
|
0-0: Ball 1-0: Foul Ball, location: 2F 1-1: Swinging Strike 1-2: Strikes out swinging
|
|
Batting: RHB Patrick Pinault
|
0-0: Ball 1-0: Ground out 3-1 (Groundball, 34S, EV 91.9 MPH)
|
| Bottom of the 6th over - 0 runs, 0 hits, 0 errors, 0 left on base; Lowell 4 - Tri-City 0 |
| TOP OF THE 7TH |
|
Lowell Spinners batting - Pitching for Tri-City ValleyCats : RHP Vinny Salazar
|
|
Batting: LHB Mike Hutcheson
|
0-0: Ball 1-0: Ball 2-0: Foul Ball, location: 2F 2-1: Ball 3-1: Foul Ball, location: 2F 3-2: Base on Balls
|
|
Batting: RHB Roger Mitchell
|
0-0: Called Strike Mike Hutcheson steals 2nd base 0-1: Ball 1-1: Foul Ball, location: 2F 1-2: Ground out 6-3 (Groundball, P, EV 90.0 MPH) Mike Hutcheson to third
|
|
Pitching: LHP Frank Vazquez
|
|
|
Batting: LHB Eric Gaugler
|
0-0: Ball 1-0: Swinging Strike 1-1: Ball 2-1: Foul Ball, location: 2F 2-2: Ball 3-2: Base on Balls
|
|
Batting: LHB Kien-lung Zou
|
0-0: Ball 1-0: Called Strike 1-1: Ball 2-1: Ball 3-1: SINGLE (Line Drive, 7S, EV 104.4 MPH) Mike Hutcheson scores Eric Gaugler to second
|
|
Batting: SHB Matsudaira Ikeda
|
0-0: Foul Ball, location: 2F 0-1: Ball 1-1: Called Strike 1-2: Strikes out swinging
|
|
Batting: LHB Javier Cajina
|
0-0: Ball 1-0: Foul Ball, location: 2F 1-1: Called Strike 1-2: Foul Ball, location: 2F 1-2: DOUBLE (Line Drive, 9LD, EV 107.5 MPH) Eric Gaugler scores Kien-lung Zou to third Runner from 3rd tries for Home, SAFE, throw by RF to trailing runner, SAFE at third!
|
|
Pinch Hitting: LHB Stanislav Parusov
|
0-0: Swinging Strike 0-1: Ball 1-1: Swinging Strike 1-2: Strikes out swinging, 2-3 out at first.
|
| Top of the 7th over - 3 runs, 2 hits, 0 errors, 1 left on base; Lowell 7 - Tri-City 0 |
| BOTTOM OF THE 7TH |
|
Tri-City ValleyCats batting - Pitching for Lowell Spinners : RHP Alan Phillips
|
|
Now at 2B: Stanislav Parusov
|
|
|
Batting: RHB Keith Goodwin
|
0-0: Ball 1-0: Ground out 3-1 (Groundball, 13, EV 88.1 MPH)
|
|
Batting: LHB Lu-po-teh Zhou
|
0-0: Ball 1-0: Ball 2-0: Foul Ball, location: 2F 2-1: Foul Ball, location: 2F 2-2: Ball 3-2: Ground out 6-3 (Groundball, 6M, EV 98.1 MPH)
|
|
Batting: LHB Ryan Fridley
|
0-0: Ball 1-0: Foul Ball, location: 2F 1-1: Ball 2-1: Called Strike 2-2: Strikes out swinging
|
| Bottom of the 7th over - 0 runs, 0 hits, 0 errors, 0 left on base; Lowell 7 - Tri-City 0 |
| TOP OF THE 8TH |
|
Lowell Spinners batting - Pitching for Tri-City ValleyCats : LHP Frank Vazquez
|
|
Batting: LHB Kevin Rolison
|
0-0: Called Strike 0-1: Called Strike 0-2: Strikes out swinging
|
|
Batting: RHB Bakhtiar Asadov
|
0-0: Ball 1-0: Ball 2-0: Ball 3-0: Base on Balls
|
|
Pitching: RHP Max Warburton
|
|
|
Batting: LHB Mike Hutcheson
|
0-0: Ball Passed Ball! Bakhtiar Asadov to second 1-0: Ball 2-0: Swinging Strike 2-1: Ball 3-1: Base on Balls
|
|
Batting: RHB Roger Mitchell
|
0-0: Called Strike 0-1: Ball 1-1: Fielders Choice at 2nd, 5-4 (Groundball, 15, EV 85.6 MPH) Bakhtiar Asadov to third
|
|
Batting: LHB Eric Gaugler
|
0-0: Called Strike 0-1: Called Strike 0-2: Ground out U3 (Groundball, 3L, EV 102.5 MPH)
|
| Top of the 8th over - 0 runs, 0 hits, 0 errors, 2 left on base; Lowell 7 - Tri-City 0 |
| BOTTOM OF THE 8TH |
|
Tri-City ValleyCats batting - Pitching for Lowell Spinners : RHP Alan Phillips
|
|
Batting: RHB Mike Brisbin
|
0-0: Ball 1-0: Hit by Pitch
|
|
Pinch Hitting: RHB Domingas Saragoa
|
0-0: Called Strike 0-1: Called Strike 0-2: Foul Ball, location: 2F 0-2: Strikes out swinging
|
|
Pitching: RHP Mike Goodwin
|
|
|
Batting: RHB Hugo Priego
|
0-0: Ball 1-0: Swinging Strike 1-1: Ball 2-1: Called Strike 2-2: Strikes out looking
|
|
Batting: LHB Wade Girard
|
0-0: Foul Ball, location: 2F 0-1: Swinging Strike Pickoff Throw by Catcher to First - Out!
|
| Bottom of the 8th over - 0 runs, 0 hits, 0 errors, 0 left on base; Lowell 7 - Tri-City 0 |
| TOP OF THE 9TH |
|
Lowell Spinners batting - Pitching for Tri-City ValleyCats : RHP Max Warburton
|
|
Now in CF: Domingas Saragoa
|
|
|
Pinch Hitting: RHB Victor Orozco
|
0-0: Called Strike 0-1: Ball 1-1: Ball 2-1: SINGLE (Groundball, 6MD, EV 105.0 MPH)
|
|
Batting: SHB Matsudaira Ikeda
|
0-0: Called Strike 0-1: Ball 1-1: Ball Wild Pitch! Victor Orozco to second 2-1: Foul Ball, location: 2F 2-2: Ball 3-2: Base on Balls
|
|
Batting: LHB Javier Cajina
|
0-0: Swinging Strike 0-1: Ball 1-1: Ball 2-1: Ball 3-1: Called Strike 3-2: Base on Balls Victor Orozco to third Matsudaira Ikeda to second
|
|
Pitching: RHP Hector Carrillo
|
|
|
Batting: LHB Stanislav Parusov
|
0-0: Called Strike 0-1: TRIPLE (Flyball, 8LXD, EV 100.0 MPH) Victor Orozco scores Matsudaira Ikeda scores Javier Cajina scores
|
|
Pinch Runner at 3rd Tony Gallegos:
|
|
|
Batting: LHB Kevin Rolison
|
0-0: Called Strike 0-1: Foul Ball, location: 2F 0-2: Ball 1-2: Strikes out swinging
|
|
Batting: RHB Bakhtiar Asadov
|
0-0: Ground out 6-3 (Groundball, 6, EV 101.9 MPH) Tony Gallegos scores
|
|
Pinch Hitting: RHB Paul Long
|
0-0: Ball 1-0: Ball 2-0: Called Strike 2-1: Swinging Strike 2-2: Foul Ball, location: 2F 2-2: Ball 3-2: Foul Ball, location: 2F 3-2: Foul Ball, location: 2F 3-2: Foul Ball, location: 2F 3-2: SOLO HOME RUN (Flyball, 7LD, EV 91.9 MPH), Distance : 346 ft
|
|
Batting: RHB Roger Mitchell
|
0-0: SINGLE (Flyball, 8LM, EV 88.8 MPH)
|
|
Batting: LHB Eric Gaugler
|
0-0: Foul Ball, location: 2F 0-1: Ball 1-1: Foul Ball, location: 2F 1-2: Ball 2-2: Strikes out swinging
|
| Top of the 9th over - 5 runs, 4 hits, 0 errors, 1 left on base; Lowell 12 - Tri-City 0 |
| BOTTOM OF THE 9TH |
|
Tri-City ValleyCats batting - Pitching for Lowell Spinners : RHP Mike Goodwin
|
|
Now at C: Paul Long
|
|
|
Now at 1B: Tony Gallegos
|
|
|
Now at 2B: Roger Mitchell
|
|
|
Now at 3B: Victor Orozco
|
|
|
Batting: LHB Wade Girard
|
0-0: Foul Ball, location: 2F 0-1: Ball 1-1: Called Strike 1-2: Foul Ball, location: 2F 1-2: Ground out U3 (Groundball, 34, EV 87.5 MPH)
|
|
Batting: RHB Roger Pelley
|
0-0: Fly out, F9 (Flyball, 9, EV 96.9 MPH)
|
|
Batting: RHB Patrick Pinault
|
0-0: Ball 1-0: Fly out, F7 (Line Drive, 7, EV 95.0 MPH)
|
| Bottom of the 9th over - 0 runs, 0 hits, 0 errors, 0 left on base; Lowell 12 - Tri-City 0 |
|